 Dungeon Crawl Stone Soup version 0.29.1-4-g47bece8355 (webtiles) character file.

Game seed: 15881871475513661565

29521 MacCMillion the Demolition Hill Orc (level 13, -3/119 HPs)
             Began as a Hill Orc Fighter on Dec 5, 2022.
             Was an Elder of Makhleb.
             Slain by a blink frog (14 damage)
             ... on level 5 of the Lair of Beasts.
             The game lasted 00:56:17 (19262 turns).

MacCMillion the Demolition Hill Orc (HOFi)         Turns: 19262, Time: 00:56:17

Health: -3/119     AC: 20    Str: 24    XL:     13   Next: 45%
Magic:  31/31      EV:  7    Int:  8    God:    Makhleb [****..]
Gold:   566        SH:  0    Dex: 16    Spells: 12/12 levels left

rFire   + . .      SeeInvis +   T - +4 executioner's axe of Watchfulness {speed, rC- Will+ MP+9 SInv}
rCold   x . .      Faith    .   (shield currently unavailable)
rNeg    . . .      Spirit   .   Y - +0 plate armour
rPois   .          Reflect  .   z - +0 helmet
rElec   .          Harm     .   L - +0 cloak
rCorr   .          Rampage  +   (no gloves)
Will    +....                   F - +0 pair of boots {rampage}
Stlth   ..........              (no amulet)
HPRegen 0.29/turn               j - ring of protection from fire
MPRegen 0.22/turn               B - +6 ring of dexterity

@: studying Staves
A: no striking features
a: Renounce Religion, Minor Destruction, Lesser Servant of Makhleb, Major
Destruction


You were on level 5 of the Lair of Beasts.
You worshipped Makhleb.
Makhleb was greatly pleased with you.
You visited 3 branches of the dungeon, and saw 16 of its levels.
You also visited: Sewer.

You collected 956 gold pieces.
You spent 390 gold pieces at shops.

Inventory:

Hand Weapons
 t - the +9 halberd of Destiny {elec, rElec MP-9 Dex+3}
   (You found it on level 3 of the Dungeon)

   It occasionally discharges a powerful burst of electricity upon striking a
   foe.
   Dex:       It affects your dexterity (+3).
   rElec:     It insulates you from electricity.
   MP:        It affects your magic capacity (-9).
 T - the +4 executioner's axe of Watchfulness (weapon) {speed, rC- Will+ MP+9 SInv}
   (You bought it in a shop on level 7 of the Dungeon)

   Attacks with this weapon are significantly faster.
   rC:        It makes you vulnerable to cold.
   MP:        It affects your magic capacity (+9).
   SInv:      It lets you see invisible.
   Will:      It increases your willpower.
 U - a +1 spear
 Z - a +0 broad axe
Missiles
 J - 10 javelins
 O - 5 silver javelins
 P - 4 throwing nets
Armour
 a - a scarf of resistance
 z - a +0 helmet (worn)
 F - a +0 pair of boots of rampaging (worn)
 L - a +0 cloak (worn)
 M - a scarf of shadows
 W - a +2 buckler
 Y - a +0 plate armour (worn)
Jewellery
 b - a ring of protection from fire
 j - a ring of protection from fire (left hand)
 n - a ring of protection from fire
 B - a +6 ring of dexterity (right hand)
 K - a +4 ring of protection
 Q - a ring of magical power
Wands
 u - a wand of paralysis (4)
 A - a wand of iceblast (22)
 V - a wand of flame (12)
Scrolls
 c - 8 scrolls of identify
 e - a scroll of blinking
 h - 2 scrolls of immolation
 i - a scroll of noise {unknown}
 k - 2 scrolls of vulnerability
 m - a scroll of enchant weapon {unknown}
 o - 2 scrolls of poison
 p - a scroll of torment {unknown}
 q - 3 scrolls of summoning
 r - 3 scrolls of fear
 x - 3 scrolls of teleportation
 y - a scroll of silence {unknown}
 C - 4 scrolls of magic mapping
 E - a scroll of amnesia {unknown}
 G - a scroll of fog {unknown}
 N - a scroll of acquirement {unknown}
 X - a scroll of brand weapon {unknown}
Potions
 d - 4 potions of might
 f - 5 potions of heal wounds
 g - a potion of degeneration
 l - 2 potions of brilliance
 s - 2 potions of resistance
 v - 2 potions of lignification
 w - 4 potions of haste
 D - a potion of invisibility
 H - a potion of flight {unknown}
 I - 3 potions of berserk rage {unknown}
 R - a potion of mutation {unknown}
 S - 2 potions of attraction {unknown}


   Skills:
 + Level 12.7 Fighting
 + Level 10.7(13.9) Axes
 - Level 12.2(13.3) Polearms
 + Level 12.3 Armour
 - Level 4.0 Shields
 + Level 13.1 Invocations


You had 12 spell levels left.
You didn't know any spells.
Your spell library contained the following spells:

 Spells                   Type           Power      Damage    Failure   Level
 Beastly Appendage        Tmut           0%         N/A       99%         1
 Magic Dart               Conj           0%         1d3       99%         1
 Sandblast                Erth           0%         2d4       99%         1
 Shock                    Conj/Air       0%         1d3       99%         1
 Slow                     Hex            0%         N/A       99%         1
 Blink                    Tloc           0%         N/A       99%         2
 Ensorcelled Hibernation  Hex/Ice        0%         N/A       99%         2
 Passwall                 Tmut/Erth      0%         N/A       99%         2
 Poisonous Vapours        Pois/Air       0%         N/A       99%         2
 Scorch                   Fire           0%         2d5       99%         2
 Searing Ray              Conj           0%         2d4       99%         2
 Static Discharge         Conj/Air       0%         3-3/arc   99%         2
 Sublimation of Blood     Necr           0%         N/A       99%         2
 Wereblood                Tmut           0%         N/A       99%         2
 Confusing Touch          Hex            0%         N/A       100%        3
 Lesser Beckoning         Tloc           0%         N/A       100%        3
 Ozocubu's Armour         Ice            0%         N/A       100%        3
 Spider Form              Tmut/Pois      0%         N/A       100%        3
 Stone Arrow              Conj/Erth      0%         3d7       100%        3
 Swiftness                Air            0%         N/A       100%        3
 Vampiric Draining        Necr           0%         2d6       100%        3
 Airstrike                Air            0%         2d(0-16)  100%        4
 Anguish                  Hex/Necr       0%         N/A       100%        4
 Corpse Rot               Necr/Pois/Air  0%         N/A       100%        4
 Dispel Undead            Necr           0%         3d6       100%        4
 Flame Wave               Conj/Fire      0%         2d4       100%        4
 Fulminant Prism          Conj/Hex       0%         3d6       100%        4
 Sticky Flame             Conj/Fire      0%         2d3       100%        4
 Manifold Assault         Tloc           0%         N/A       100%        5
 Summon Cactus Giant      Summ           0%         N/A       100%        6
 Ozocubu's Refrigeration  Ice            0%         4d7       100%        7
 Summon Hydra             Summ           0%         N/A       100%        7


Dungeon Overview and Level Annotations

Branches:
Dungeon (10/15)            Temple (1/1) D:4            Lair (5/5) D:10
  Snake (0/4) Lair:2        Slime (0/5) Lair:4        Sewer (visited)
  Swamp: Lair:2-3    Shoals: Lair:2-3       Orc: D:9-12

Altars:
Ashenzari
Cheibriados
Dithmenos
Elyvilon
Fedhas
Hepliaklqana
Kikubaaqudgha
Makhleb
Nemelex Xobeh
Okawaru
Qazlal
Ru
Sif Muna
Trog
Uskayaw
Vehumet
Wu Jian
Xom
Zin
The Shining One
Jiyva

Shops:
D:4 :   D:7 (

Annotations:
D:10 Erolcha
Lair:1 1 runed translucent door, ChadusMaximus's ghost, journeyman DESu
Lair:3 dragon


Message History

The blink frog hits you!
* * * LOW HITPOINT WARNING * * *
The blink frog blinks!
Unknown command.
Why would you want to do that?
Unknown command.
You are too injured to fight recklessly!
Aiming: Minor Destruction (0% risk of failure)
Press: ? - help, Q - select action, (/) - cycle Shift-Dir - straight line, f/p - blink frog
Aim: a blink frog (moderately wounded)
The puff of flame hits the blink frog!
The blink frog is heavily wounded.
The blink frog is engulfed in a cloud of scalding steam.
The blink frog blinks!
The blink frog hits you.
* * * LOW HITPOINT WARNING * * *
You are too injured to fight recklessly!
Unknown command.
You closely miss the blink frog.
The blink frog is severely wounded.
You closely miss the blink frog. The blink frog hits you.
* * * LOW HITPOINT WARNING * * *
The blink frog blinks!
The blink frog hits you but does no damage.
The blink frog blinks!
You closely miss the blink frog.
The blink frog is severely wounded.
The blink frog hits you.
* * * LOW HITPOINT WARNING * * *
The blink frog blinks!
Unknown command.
You slash the blink frog!
The blink frog is almost dead.
The blink frog hits you.
* * * LOW HITPOINT WARNING * * *
Unknown command.
You miss the blink frog.
The blink frog is almost dead.
The blink frog hits you but does no damage.
The blink frog blinks!
The blink frog hits you!
You die...

# ##...###...#.PP~~..
####...#.##...~...~P~.
##.#....#..........~~~
.........~....P~§P~~§
........#...~.~~~~~##
........#.F.†~~~~~≈~##
.......##.~≈~~~~~~~~~# ~
..<÷...#####~.~≈††~~~#~≈~~
...÷...# ####F@~~~~~~~~~
.......# #######~~.~P
.......#.~~ P~~
......^..~~~ .
.........PP≈~~
.......~.~~~~≈
#.#...~P~~~P≈~
####....~~≈≈≈≈ ##
##...~~~≈~~


You could see 2 blink frogs.

Vanquished Creatures
  Harold (D:10)
  2 hydras
  A two-headed ogre (D:9)
  A death yak (Lair:2)
  A goliath frog (Lair:5)
  Pikel (D:7)
  3 black mambas
  2 torpor snails
  12 cane toads
  3 rime drakes
  6 komodo dragons
  A troll (D:10)
  A tyrant leech (Lair:5)
  3 polar bears (Lair:4)
  4 dream sheep (Lair:4)
  12 blink frogs
  A basilisk (Lair:4)
  33 yaks
  2 wyverns
  A vampire mosquito (Lair:5)
  2 steam dragons
  Grum (D:8)
  Menkaure (D:6)
  7 nagas (Lair:2)
  16 water moccasins
  2 orc warriors
  An ice beast (D:5)
  3 black bears
  2 ogres (D:5)
  18 wolves
  3 centaurs
  A lemure (D:7)
  A phantom (D:6)
  2 kobold brigands
  15 bullfrogs
  A gnoll sergeant (D:7)
  3 scorpions
  3 necrophages
  6 electric eels
  3 howler monkeys (D:7)
  6 jellies
  A gnoll bouda (D:7)
  Crazy Yiuf (D:7)
  2 orc priests
  6 hounds
  2 iguanas
  Terence (D:3)
  8 orc wizards
  13 gnolls
  2 river rats (D:4)
  14 adders
  A shadow imp (D:5)
  4 white imps
  A worm (D:2)
  39 orcs
  6 bats
  15 endoplasms
  10 giant cockroaches
  8 goblins
  6 hobgoblins
  4 jackals (D:5)
  12 kobolds
  11 quokkas
  14 ball pythons
  17 frilled lizards
  2 hobgoblin zombies (D:7)
  An orc zombie (D:7)
  6 rats
395 creatures vanquished.

Vanquished Creatures (collateral kills)
  A hydra (Lair:3)
1 creature vanquished.

Vanquished Creatures (others)
  30 fungi
  118 plants
148 creatures vanquished.

Grand Total: 544 creatures vanquished

Notes
Turn   | Place    | Note
-------+----------+-------------------------------------------
     0 | D:1      | MacCMillion the Hill Orc Fighter began the quest for the
                  | Orb.
     0 | D:1      | Reached XP level 1. HP: 19/19 MP: 1/1
   232 | D:1      | Reached XP level 2. HP: 26/26 MP: 2/2
   347 | D:1      | Found a faded altar of an unknown god.
   787 | D:2      | Reached XP level 3. HP: 31/31 MP: 3/3
  1095 | D:2      | Reached XP level 4. HP: 33/39 MP: 4/4
  1287 | D:2      | Reached skill level 5 in Axes
  2061 | D:3      | Identified the +9 halberd of Destiny {elec, rElec MP-9
                  | Dex+3}
  2380 | D:3      | Identified the +2 leather armour of the Old World {Rampage
                  | +Inv Stlth-}
  2442 | D:3      | Noticed Terence
  2449 | D:3      | Killed Terence
  2450 | D:3      | Reached skill level 1 in Polearms
  2450 | D:3      | Reached XP level 5. HP: 45/45 MP: 0/5
  2790 | D:4      | Found a glowing drain.
  2798 | D:4      | Reached XP level 6. HP: 51/51 MP: 0/6
  2808 | Sewer    | Entered a sewer
  3603 | Sewer    | Reached skill level 5 in Armour
  3603 | Sewer    | Reached XP level 7. HP: 10/57 MP: 0/7
  4193 | D:4      | Found a staircase to the Ecumenical Temple.
  4202 | Temple   | Entered the Ecumenical Temple
  4297 | Temple   | Became a worshipper of Makhleb the Destroyer
  4475 | D:4      | Reached skill level 5 in Polearms
  4592 | D:4      | Found Kocko's Vocational Training.
  4614 | D:5      | Entered Level 5 of the Dungeon
  4659 | D:5      | Found a blossoming altar of Fedhas.
  4830 | D:5      | Reached XP level 8. HP: 44/64 MP: 0/8
  5389 | D:5      | Reached * piety under Makhleb
  5433 | D:5      | Reached skill level 1 in Invocations
  5523 | D:5      | Reached skill level 2 in Invocations
  5604 | D:5      | Reached skill level 3 in Invocations
  6240 | D:6      | Reached skill level 4 in Invocations
  6419 | D:6      | Noticed Menkaure
  6438 | D:6      | Reached XP level 9. HP: 15/70 MP: 3/12
  6442 | D:6      | Killed Menkaure
  6443 | D:6      | Reached skill level 5 in Invocations
  7466 | D:7      | Reached skill level 6 in Invocations
  7529 | D:7      | Reached skill level 5 in Fighting
  7676 | D:7      | Found a hazy altar of Hepliaklqana.
  7676 | D:7      | Found an ornate altar of the Wu Jian Council.
  7680 | D:7      | Reached ** piety under Makhleb
  7681 | D:7      | Reached skill level 10 in Polearms
  8046 | D:7      | Noticed Pikel
  8054 | D:7      | Killed Pikel
  8055 | D:7      | Reached skill level 7 in Invocations
  8055 | D:7      | Reached XP level 10. HP: 80/83 MP: 6/15
  8070 | D:7      | Found a glowing silver altar of Zin.
  8218 | D:7      | Found Xidotuh's Antique Weapon Shoppe.
  8258 | D:7      | Found a runed translucent door.
  8259 | D:7      | Noticed Crazy Yiuf
  8540 | D:7      | Killed Crazy Yiuf
  8755 | D:8      | Reached skill level 8 in Invocations
  8766 | D:8      | Reached *** piety under Makhleb
  8984 | D:8      | Noticed Grum
  9002 | D:8      | Killed Grum
  9283 | D:9      | Noticed a two-headed ogre
 10192 | D:9      | Reached skill level 9 in Invocations
 10287 | D:9      | Killed a two-headed ogre
 10288 | D:9      | Reached XP level 11. HP: 94/94 MP: 7/18
 10446 | D:10     | Entered Level 10 of the Dungeon
 10587 | D:10     | Reached **** piety under Makhleb
 10609 | D:10     | Reached skill level 10 in Invocations
 10725 | D:10     | Noticed Erolcha
 10895 | D:10     | Noticed Harold
 10913 | D:10     | Killed Harold
 11115 | D:10     | Found a staircase to the Lair.
 11129 | Lair:1   | Entered Level 1 of the Lair of Beasts
 11208 | D:7      | Bought a translucent executioner's axe for 390 gold pieces
 11208 | D:7      | Identified the +4 executioner's axe of Watchfulness {speed,
                  | rC- Will+ MP+9 SInv} (You bought it in a shop on level 7 of
                  | the Dungeon)
 11502 | Lair:1   | Noticed a seven-headed hydra
 11526 | Lair:1   | Killed a seven-headed hydra
 12533 | Lair:1   | Reached skill level 10 in Fighting
 12533 | Lair:1   | Reached skill level 10 in Armour
 13168 | Lair:1   | Reached XP level 12. HP: 106/106 MP: 10/19
 13347 | Lair:1   | Found a runed translucent door.
 13349 | Lair:1   | Noticed ChadusMaximus's ghost (journeyman DESu)
 13352 | Lair:1   | Identified the +10 trident "Hobruchu" {drain, rPois Str+2}
 14044 | Lair:2   | Reached skill level 11 in Invocations
 14360 | Lair:2   | Noticed a death yak
 14360 | Lair:2   | Noticed an eight-headed hydra
 14463 | Lair:2   | Found a staircase to the Snake Pit.
 14648 | Lair:2   | Noticed a four-headed hydra
 14778 | Lair:2   | Killed a death yak
 14969 | Lair:3   | Identified the +9 quarterstaff of Sunlight {pain, Contam
                  | rN++ Str+6}
 15560 | Lair:3   | Noticed an eight-headed hydra
 15621 | Lair:3   | Killed an eight-headed hydra
 16339 | Lair:3   | You fall into a shaft and drop 1 floor!
 16376 | Lair:4   | Noticed a six-headed hydra
 16389 | Lair:4   | Killed a six-headed hydra
 16390 | Lair:4   | Reached skill level 12 in Invocations
 16648 | Lair:4   | Found a viscous altar of Jiyva.
 16648 | Lair:4   | Found a staircase to the Slime Pits.
 17171 | Lair:4   | Reached XP level 13. HP: 117/117 MP: 22/22
 17581 | Lair:4   | Reached skill level 10 in Axes
 18184 | Lair:4   | Identified the +2 short sword "Kits" {venom, *Rage rC++}
 18466 | Lair:5   | Entered Level 5 of the Lair of Beasts
 18594 | Lair:5   | Reached ***** piety under Makhleb
 18656 | Lair:5   | Reached skill level 13 in Invocations
 19262 | Lair:5   | Slain by a blink frog

Illustrated notes

Levels and vault maps discovered:
D:1:      tarquinn_simple_flora_water_d, layout_loops_ring,
          nicolae_ecumenical_snake_handling, nrook_mini_vaults
D:2:      layout_basic
D:3:      layout_loops_corners, nicolae_concentric_dashed_squares_wild,
          chequers_mini_garden, dreamdust_princess_corridor,
          minmay_fractal_squares_5, uniq_terence
D:4:      layout_cave_pools, minmay_temple_entry_butterflies,
          portal_sewer_entry_b, nicolae_shop_vocational
D:5:      wad_pebble_path, layout_cave_pools, fedhas_altar_2, grunt_decor_cap,
          grunt_ministairs_11
D:6:      layout_loops_ring, minmay_misc_feat_room, uniq_menkaure
D:7:      layout_loops_ring, old_standard_altar,
          mainiacjoe_overflow_divided_tiny, serial_shops, shop,
          minmay_mini_ossuary, uniq_pikel, uniq_crazy_yiuf_cottage
D:8:      nicolae_cairo_tiling_large_dashed, layout_loops_ring, uniq_grum
D:9:      layout_long_grid, hangedman_corner_corridor
D:10:     layout_rooms, erik_lair_island, dreamdust_wishing_well, uniq_erolcha,
          uniq_harold
Temple:   eino_narrow_crystal_temple
Lair:1:   layout_cave_pods, ebering_ghost_funeral_grove, serial_bayou_shore_a
Lair:2:   layout_cave_shapes, minmay_snake_entry_guardpost_medium,
          minmay_shattered_shrine
Lair:3:   layout_cave_pods, minmay_swamp_entry_reptiles, serial_bayou_lagoon_a
Lair:4:   layout_small_grid, nicolae_slime_entry_slimehenge, nzn_random_ring,
          grunt_megastairs_1
Lair:5:   minmay_lair_end_frog_pond, layout_small_grid, minivault_27,
          st_stairs_4, nicolae_quartered_pool_super

Skill      XL: |  1  2  3  4  5  6  7  8  9 10 11 12 13 |
---------------+----------------------------------------+-----
Axes           | 3 4 5 7 9 10 | 10.7
Shields        | 4 |  4.0
Polearms       | 1 2 4 7 9 10 11 12 | 12.2
Armour         | 4 5 6 8 10 11 12 | 12.3
Invocations    | 4 7 9 10 12 13 | 13.1
Fighting       | 6 8 10 11 12 | 12.7

Action                   |  1- 3 |  4- 6 |  7- 9 | 10-12 | 13-15 || total
-------------------------+-------+-------+-------+-------+-------++-------
Melee: War axe           |    75 |    35 |    14 |       |       ||   124
       Halberd           |       |   140 |   206 |   276 |       ||   622
       Executioner's axe |       |       |       |   210 |   130 ||   340
       Spear             |       |       |       |    14 |       ||    14
Throw: Dart              |       |     2 |    10 |       |       ||    12
Invok: Minor Destruction |       |       |    11 |    38 |     9 ||    58
       Lesser Servant of |       |       |       |     4 |     1 ||     5
       Major Destruction |       |       |       |     2 |       ||     2
Evoke: Wand              |       |       |     2 |     3 |       ||     5
  Use: Scroll            |       |     4 |       |    10 |     1 ||    15
       Potion            |       |       |     5 |     2 |     1 ||     8
 Stab: Paralysed         |       |       |     2 |     4 |       ||     6
Armor: Scale mail        |    33 |    12 |       |       |       ||    45
       Chain mail        |       |    95 |    85 |   119 |       ||   299
       Plate armour      |       |       |       |    83 |    72 ||   155
Dodge: Dodged            |    35 |    74 |    75 |   138 |    50 ||   372
Block: Buckler           |    19 |     8 |       |       |       ||    27
